 Dungeon Crawl Stone Soup version 0.30.0-30-g96aa6591b8 (webtiles) character file.

Game seed: 3229195159298276385

18 cheesebisquit the Magician (level 2, -1/22 HPs)
             Began as a Djinni Necromancer on June 26, 2023.
             Slain by a frilled lizard (2 damage)
             ... on level 1 of the Dungeon.
             The game lasted 00:02:20 (286 turns).

cheesebisquit the Magician (Djinni Necromancer)      Turns: 286, Time: 00:02:20

Health: -1/22      AC:  2    Str:  7    XL:     2   Next: 85%
Gold:   36         EV: 12    Int: 16    God:
                   SH:  0    Dex: 13

rFire   + + .        (no weapon)
rCold   x . .        (no shield)
rNeg    . . .        a - +0 robe
rPois   ∞            (no helmet)
rElec   .            (no cloak)
rCorr   +            (no gloves)
SInv    .            (boots unavailable)
Will    .....        (no amulet)
Stlth   ++           d - ring of resist corrosion
HPRegen 0.23/turn    (no ring)
MPRegen 0.00/turn

%: infuse magic (-2 HP)
@: brilliant, flying
A: sickness immunity, fire resistance 2, cold vulnerability 1, float, innate
caster, HP casting, extra vitality 1
a: no special abilities


You were on level 1 of the Dungeon.
You visited 1 branch of the dungeon, and saw 1 of its levels.

You collected 36 gold pieces.

Inventory:

Armour
 a - a +0 robe (worn)
Jewellery
 d - a ring of resist corrosion (left hand)
Scrolls
 b - a scroll of enchant weapon {unknown}
Potions
 c - a potion of brilliance


   Skills:
 + Level 1.4 Fighting
 - Level 2.1 Dodging
 - Level 1.5 Stealth
 + Level 3.5 Spellcasting


You knew the following spells:

 Your Spells              Type           Power      Damage    Failure   Level
a - Necrotise             Necr           84%        1d8       4%          1
b - Vampiric Draining     Necr           21%        2d7       12%         3
c - Animate Dead          Necr           21%        N/A       38%         4
d - Agony                 Necr           21%        N/A       75%         5
Your spell library was empty.

Dungeon Overview and Level Annotations

Branches:
Dungeon (1/15)

Altars:


Innate Abilities, Weirdness & Mutations

You are immune to sickness and miasma.
You are immune to poison.
Your flesh is very heat resistant. (rF++)
You are vulnerable to cold. (rC-)
You float through the air rather than walking.
You learn spells naturally, not from books.
Your magical power is your life essence.
You have superior vitality. (+4 MHP)


Message History

Aim: a kobold, wielding a +0 short sword and quivering stones (heavily wounded, ally target, chance to affect: 84%)
The kobold writhes in agony.
You kill the kobold!
* * * LOW HITPOINT WARNING * * *
The dead are walking!
Your kobold skeleton hits the bush but does no damage.
You swap places.
The frilled lizard misses you.
Your rat skeleton closely misses the frilled lizard.
Aiming: Necrotise (safe; 4% risk of failure)
Press: ? - help, Q - select action, (/) - cycle Shift-Dir - straight line, f - frilled lizard
Aim: a frilled lizard (ally target, chance to affect: 84%)
The frilled lizard barely resists.
* * * LOW HITPOINT WARNING * * *
Your kobold skeleton hits the frilled lizard.
Your kobold skeleton hits the bush but does no damage.
The frilled lizard misses you.
Aiming: Necrotise (safe; 4% risk of failure)
Press: ? - help, Q - select action, (/) - cycle Shift-Dir - straight line, f/p - frilled lizard
Aim: a frilled lizard (heavily wounded, ally target, chance to affect: 84%)
The frilled lizard barely resists.
* * * LOW HITPOINT WARNING * * *
Your rat skeleton barely misses the frilled lizard.
The frilled lizard barely misses you.
Your kobold skeleton misses the frilled lizard.
Your kobold skeleton hits the bush but does no damage.
Your kobold skeleton closely misses the frilled lizard.
It was a potion of brilliance.
You feel clever all of a sudden.
The frilled lizard bites you but does no damage.
Okay, then.
Aiming: Necrotise (safe; 4% risk of failure)
Press: ? - help, Q - select action, (/) - cycle Shift-Dir - straight line, f/p - frilled lizard
Aim: a frilled lizard (heavily wounded, ally target, chance to affect: 90%)
You feel a surge of power!
The frilled lizard barely resists.
* * * LOW HITPOINT WARNING * * *
The frilled lizard bites you.
* * * LOW HITPOINT WARNING * * *
The frilled lizard attacks as you move away!
The frilled lizard bites you.
You die...

###P...... #..
#..)Z..§.. #..
#.#....... #..
#Z#P#.÷... #.. #Z#♣P
...P #.. #Z# P♣ ♣♣P
####.. #.#
###########.....
#Z###............###
#.l@................
#####...............
######).........
#..........
#...####### ##### #
# ### #..


You could see a frilled lizard (ally target) and a friendly rat skeleton.

Vanquished Creatures
  A dart slug (D:1)
  A ball python (D:1)
  An endoplasm (D:1)
  2 goblins (D:1)
  A quokka (D:1)
  2 frilled lizards (D:1)
  5 kobolds (D:1)
  A rat (D:1)
14 creatures vanquished.

Vanquished Creatures (collateral kills)
  A ball python (D:1)
1 creature vanquished.

Grand Total: 15 creatures vanquished

Notes
Turn   | Place    | Note
-------+----------+-------------------------------------------
     0 | D:1      | cheesebisquit the Djinni Necromancer began the quest for
                  | the Orb.
     0 | D:1      | cheesebisquit set off with the following spells memorised:
                  | Necrotise, Vampiric Draining, Animate Dead, Agony.
     0 | D:1      | Reached XP level 1. HP: 15/15 MP: 0/0
    94 | D:1      | Reached skill level 1 in Fighting
    94 | D:1      | Reached XP level 2. HP: 4/22 MP: 0/0
   285 | D:1      | HP: 1/22 [frilled lizard (1)]
   286 | D:1      | Slain by a frilled lizard

Illustrated notes

Levels and vault maps discovered:
D:1:      dpeg_arrival_stonehenge_8_columns, layout_basic,
          lexackson_kobold_supper

Skill      XL: |  1 |
---------------+----+-----
Fighting       | 1 |  1.4
Dodging        | |  2.1
Stealth        | |  1.5
Spellcasting   | |  3.5

Action                     || total
---------------------------++-------
   Cast: Necrotise         ||    42
    Use: Potion            ||     1
 Armour: Robe              ||     3
  Dodge: Dodged            ||    16
